PCL
MILE HIGH BRONCOS @ REDWOOD CITY REDWOODS
08/15/2030
 
TOP OF THE 1ST
Mile High Broncos batting - Pitching for Redwood City Redwoods : LHP Keith Burns
Pitching: LHP Keith Burns
Batting: LHB Don Hull 0-0: Called Strike
0-1: Ball
1-1: Ball
2-1: Ground out 4-3 (Groundball, 34)
Batting: SHB Michael Field 0-0: Called Strike
0-1: Ball
1-1: Called Strike
1-2: Ball
2-2: Ground out 5-3 (Groundball, 56)
Batting: RHB Rodney González 0-0: Ball
1-0: Swinging Strike
1-1: Foul Ball, location: 2F
1-2: Ball
2-2: DOUBLE (Flyball, 8RXD)
Batting: RHB António Martínez 0-0: Swinging Strike
0-1: Called Strike
0-2: Ball
1-2: DOUBLE (Flyball, 8LXD)
Rodney González scores
Batting: RHB Evan Robinson 0-0: Foul Ball, location: 2F
0-1: Swinging Strike
0-2: Ball
1-2: Foul Ball, location: 2F
1-2: Ball
2-2: Ball
3-2: Strikes out swinging
Top of the 1st over - 1 run, 2 hits, 0 errors, 1 left on base; Mile High 1 - Redwood City 0
BOTTOM OF THE 1ST
Redwood City Redwoods batting - Pitching for Mile High Broncos : LHP Jason Dean
Pitching: LHP Jason Dean
Batting: LHB Bob Campbell 0-0: Ball
1-0: Fly out, F8 (Line Drive, 8RM)
Batting: RHB Jacob Pope 0-0: Called Strike
0-1: Ball
1-1: Ball
2-1: Ball
3-1: Fly out, F8 (Flyball, 8RXD)
Batting: RHB Luis Miguel Sánchez 0-0: Ball
1-0: Ball
2-0: Called Strike
2-1: Ball
3-1: Foul Ball, location: 2F
3-2: Foul Ball, location: 2F
3-2: SINGLE (Groundball, 34D)
Batting: LHB César Rodríguez 0-0: Fly out, F8 (Flyball, 8LM)
Bottom of the 1st over - 0 runs, 1 hit, 0 errors, 1 left on base; Mile High 1 - Redwood City 0
TOP OF THE 2ND
Mile High Broncos batting - Pitching for Redwood City Redwoods : LHP Keith Burns
Batting: LHB Tony Báez 0-0: Called Strike
0-1: Called Strike
0-2: Strikes out swinging
Batting: RHB Edward Williams 0-0: Foul Ball, location: 2F
0-1: Ground out 6-3 (Groundball, 6)
Batting: SHB Ben Marks 0-0: Ball
1-0: Ball
2-0: Ball
3-0: Base on Balls
Batting: SHB Paco Martínez 0-0: Ball
1-0: Ball
2-0: Called Strike
2-1: Ball
3-1: Base on Balls
Ben Marks to second
Batting: LHB Don Hull 0-0: Ball
1-0: Called Strike
1-1: Foul Ball, location: 2F
1-2: Strikes out swinging
Top of the 2nd over - 0 runs, 0 hits, 0 errors, 2 left on base; Mile High 1 - Redwood City 0
BOTTOM OF THE 2ND
Redwood City Redwoods batting - Pitching for Mile High Broncos : LHP Jason Dean
Batting: LHB Vicente Chávez 0-0: Ball
1-0: Foul Ball, location: 2F
1-1: Foul Ball, location: 2F
1-2: Ball
2-2: SINGLE (Flyball, 89S)
Batting: RHB Francisco Rodríguez 0-0: Ball
1-0: Foul Ball, location: 2F
1-1: 2-RUN HOME RUN (Flyball, 8LD), Distance : 412 ft
Batting: RHB Eugene Allen 0-0: Ball
1-0: Called Strike
1-1: Ball
2-1: Ball
3-1: Base on Balls
Batting: SHB Chris Young 0-0: Fly out, F8 (Flyball, 8RD)
Batting: RHB Jesús Cuevas 0-0: Foul Ball, location: 2F
0-1: Ball
1-1: Ball
2-1: Called Strike
2-2: Ball
3-2: Foul Ball, location: 2F
3-2: Foul Ball, location: 2F
3-2: Base on Balls
Eugene Allen to second
Batting: LHB Bob Campbell 0-0: Foul Ball, location: 2F
0-1: Foul Ball, location: 2F
0-2: Strikes out swinging
Batting: RHB Jacob Pope 0-0: Fly out, F3 (Popup, 3F)
Bottom of the 2nd over - 2 runs, 2 hits, 0 errors, 2 left on base; Mile High 1 - Redwood City 2
TOP OF THE 3RD
Mile High Broncos batting - Pitching for Redwood City Redwoods : LHP Keith Burns
Batting: SHB Michael Field 0-0: Fly out, F8 (Flyball, 89M)
Batting: RHB Rodney González 0-0: Ball
1-0: Ground out 5-3 (Groundball, 5L)
Batting: RHB António Martínez 0-0: Called Strike
0-1: SOLO HOME RUN (Flyball, 7LD), Distance : 332 ft
Batting: RHB Evan Robinson 0-0: Ball
1-0: Ground out 6-3 (Groundball, 6D)
Top of the 3rd over - 1 run, 1 hit, 0 errors, 0 left on base; Mile High 2 - Redwood City 2
BOTTOM OF THE 3RD
Redwood City Redwoods batting - Pitching for Mile High Broncos : LHP Jason Dean
Batting: RHB Luis Miguel Sánchez 0-0: Ball
1-0: Foul Ball, location: 2F
1-1: Ball
2-1: Foul Ball, location: 2F
2-2: Fly out, F9 (Flyball, 9LD)
Batting: LHB César Rodríguez 0-0: Swinging Strike
0-1: Foul Ball, location: 2F
0-2: Strikes out swinging
Batting: LHB Vicente Chávez 0-0: Foul Ball, location: 2F
0-1: SINGLE (Line Drive, 34D)
Batting: RHB Francisco Rodríguez 0-0: Ball
1-0: Ball
2-0: Ball
3-0: Called Strike
3-1: SINGLE (Groundball, 56D)
Vicente Chávez to second
Batting: RHB Eugene Allen 0-0: Ball
1-0: Foul Ball, location: 2F
1-1: Foul Ball, location: 2F
1-2: Fielders Choice at 2nd, 6-4 (Groundball, 6)
Bottom of the 3rd over - 0 runs, 2 hits, 0 errors, 2 left on base; Mile High 2 - Redwood City 2
TOP OF THE 4TH
Mile High Broncos batting - Pitching for Redwood City Redwoods : LHP Keith Burns
Batting: LHB Tony Báez 0-0: Ball
1-0: Called Strike
1-1: Fly out, F7 (Flyball, 7S)
Batting: RHB Edward Williams 0-0: Ground out 6-3 (Groundball, 6)
Batting: SHB Ben Marks 0-0: Fly out, F8 (Flyball, 8RM)
Top of the 4th over - 0 runs, 0 hits, 0 errors, 0 left on base; Mile High 2 - Redwood City 2
BOTTOM OF THE 4TH
Redwood City Redwoods batting - Pitching for Mile High Broncos : LHP Jason Dean
Batting: SHB Chris Young 0-0: Ball
1-0: Ball
2-0: Foul Ball, location: 2F
2-1: Foul Ball, location: 2F
2-2: Ball
3-2: Base on Balls
Batting: RHB Jesús Cuevas 0-0: Fly out, F3 (Line Drive, 4)
Lined into DP, U3 (Line Drive, 4)
Batting: LHB Bob Campbell 0-0: Bunt for hit - play at first, batter OUT! 1-3
Bottom of the 4th over - 0 runs, 0 hits, 0 errors, 0 left on base; Mile High 2 - Redwood City 2
TOP OF THE 5TH
Mile High Broncos batting - Pitching for Redwood City Redwoods : LHP Keith Burns
Batting: SHB Paco Martínez 0-0: Called Strike
0-1: Foul Ball, location: 2F
0-2: Ball
1-2: Ball
2-2: SINGLE (Line Drive, 8LS)
Batting: LHB Don Hull 0-0: Called Strike
0-1: SINGLE (Groundball, 56S) (infield hit)
Paco Martínez to second
Batting: SHB Michael Field 0-0: Ball
1-0: Grounds into double play, 5-4-3 (Groundball, 56)
Paco Martínez to third
Batting: RHB Rodney González 0-0: Ball
1-0: TRIPLE (Line Drive, 8LXD)
Paco Martínez scores
Batting: RHB António Martínez 0-0: Fly out, F6 (Popup, 6MD)
Top of the 5th over - 1 run, 3 hits, 0 errors, 1 left on base; Mile High 3 - Redwood City 2
BOTTOM OF THE 5TH
Redwood City Redwoods batting - Pitching for Mile High Broncos : LHP Jason Dean
Batting: RHB Jacob Pope 0-0: Ball
1-0: Called Strike
1-1: Foul Ball, location: 2F
1-2: Foul Ball, location: 2F
1-2: Foul Ball, location: 2F
1-2: Ball
2-2: SINGLE (Groundball, 6D)
Batting: RHB Luis Miguel Sánchez 0-0: Ball
1-0: 2-RUN HOME RUN (Flyball, 7LD), Distance : 339 ft
Batting: LHB César Rodríguez 0-0: Ball
1-0: Called Strike
1-1: Ball
2-1: Called Strike
2-2: Foul Ball, location: 2F
2-2: Ground out 6-3 (Groundball, 6)
Batting: LHB Vicente Chávez 0-0: SINGLE (Flyball, 89S)
Pitching: RHP Hokusai Nakashima
Batting: RHB Francisco Rodríguez 0-0: Ball
1-0: Called Strike
1-1: Ball
2-1: Fielders Choice at 2nd, 6-4 (Groundball, 6)
Batting: RHB Eugene Allen 0-0: Ground out 1-3 (Groundball, 13S)
Bottom of the 5th over - 2 runs, 3 hits, 0 errors, 1 left on base; Mile High 3 - Redwood City 4
TOP OF THE 6TH
Mile High Broncos batting - Pitching for Redwood City Redwoods : LHP Keith Burns
Batting: RHB Evan Robinson 0-0: Ball
1-0: Swinging Strike
1-1: Ball
2-1: DOUBLE (Groundball, 5L)
Batting: LHB Tony Báez 0-0: DOUBLE (Flyball, 8LXD)
Evan Robinson scores
Pitching: RHP Daniel Betteridge
Batting: RHB Edward Williams 0-0: Ground out 4-3 (Groundball, 4M)
Tony Báez to third
Batting: SHB Ben Marks 0-0: Ball
1-0: Ball
2-0: Ground out 5-3 (Groundball, 56)
Tony Báez scores
Batting: SHB Paco Martínez 0-0: Ball
1-0: Ball
2-0: Called Strike
2-1: Foul Ball, location: 2F
2-2: Ball
3-2: Single, Error in OF, E8, batter to second base
Batting: LHB Don Hull 0-0: Ball
1-0: Called Strike
1-1: Ball
2-1: Ball
3-1: DOUBLE (Groundball, 5L)
Paco Martínez scores
Batting: SHB Michael Field 0-0: Ground out 5-3 (Groundball, 25)
Top of the 6th over - 3 runs, 4 hits, 1 error, 1 left on base; Mile High 6 - Redwood City 4
BOTTOM OF THE 6TH
Redwood City Redwoods batting - Pitching for Mile High Broncos : RHP Hokusai Nakashima
Batting: SHB Chris Young 0-0: Called Strike
0-1: Ball
1-1: Called Strike
1-2: Ground out 4-3 (Groundball, 4)
Batting: RHB Jesús Cuevas 0-0: Foul Ball, location: 2F
0-1: Swinging Strike
0-2: Strikes out looking
Batting: LHB Bob Campbell 0-0: Called Strike
0-1: SINGLE (Line Drive, 5)
Batting: RHB Jacob Pope 0-0: Ball
Bob Campbell steals 2nd base
1-0: Ball
2-0: Called Strike
2-1: Ball
3-1: Called Strike
3-2: Foul Ball, location: 2F
3-2: Base on Balls
Batting: RHB Luis Miguel Sánchez 0-0: Fielders Choice at 2nd, U6 (Groundball, 6M)
Bottom of the 6th over - 0 runs, 1 hit, 0 errors, 2 left on base; Mile High 6 - Redwood City 4
TOP OF THE 7TH
Mile High Broncos batting - Pitching for Redwood City Redwoods : RHP Daniel Betteridge
Batting: RHB Rodney González 0-0: Ball
1-0: Ball
2-0: Ball
3-0: Called Strike
3-1: Foul Ball, location: 2F
3-2: Fly out, F9 (Flyball, 89S)
Batting: RHB António Martínez 0-0: Ball
1-0: Ball
2-0: Ball
3-0: SINGLE (Line Drive, 34D)
Batting: RHB Evan Robinson 0-0: Called Strike
0-1: Ball
1-1: Foul Ball, location: 2F
1-2: Strikes out swinging
Batting: LHB Tony Báez 0-0: Foul Ball, location: 2F
0-1: Ball
1-1: Foul Ball, location: 2F
1-2: Foul Ball, location: 2F
1-2: SINGLE (Groundball, 3) (infield hit)
António Martínez to second
Batting: RHB Edward Williams 0-0: Ball
1-0: Foul Ball, location: 2F
1-1: Ball
2-1: Ground out 5-3 (Groundball, 56)
Top of the 7th over - 0 runs, 2 hits, 0 errors, 2 left on base; Mile High 6 - Redwood City 4
BOTTOM OF THE 7TH
Redwood City Redwoods batting - Pitching for Mile High Broncos : RHP Hokusai Nakashima
Batting: LHB César Rodríguez 0-0: Ball
1-0: Called Strike
1-1: Foul Ball, location: 2F
1-2: Strikes out looking
Batting: LHB Vicente Chávez 0-0: Ball
1-0: Ball
2-0: Called Strike
2-1: SINGLE (Groundball, 56D)
Batting: RHB Francisco Rodríguez 0-0: Swinging Strike
0-1: Ball
1-1: Fly out, F8 (Flyball, 8RM)
Batting: RHB Eugene Allen 0-0: Ball
1-0: Ball
2-0: Ball
3-0: Base on Balls
Vicente Chávez to second
Batting: SHB Chris Young 0-0: Foul Ball, location: 2F
0-1: SINGLE (Groundball, 4MD)
Vicente Chávez to third
Eugene Allen to second
Runner from 3rd tries for Home, SAFE, no throw
Batting: RHB Jesús Cuevas 0-0: Called Strike
0-1: Ball
1-1: Foul Ball, location: 2F
1-2: Fly out, F3 (Popup, 3SF)
Bottom of the 7th over - 1 run, 2 hits, 0 errors, 2 left on base; Mile High 6 - Redwood City 5
TOP OF THE 8TH
Mile High Broncos batting - Pitching for Redwood City Redwoods : RHP Daniel Betteridge
Batting: SHB Ben Marks 0-0: Ground out 6-3 (Groundball, 6)
Batting: SHB Paco Martínez 0-0: SINGLE (Flyball, 89M)
Batting: LHB Don Hull 0-0: Ball
1-0: Called Strike
1-1: Ball
2-1: Ground out U3 (Groundball, 3)
Paco Martínez to second
Batting: SHB Michael Field 0-0: Called Strike
0-1: Foul Ball, location: 2F
0-2: SINGLE (Flyball, 8RS)
Paco Martínez to third
Runner from 3rd tries for Home, SAFE, no throw
Batting: RHB Rodney González 0-0: DOUBLE (Line Drive, 9D)
Michael Field to third
Batting: RHB António Martínez 0-0: Ball
1-0: DOUBLE (Flyball, 78D)
Michael Field scores
Rodney González scores
Pitching: RHP Juan Caballero
Batting: RHB Evan Robinson 0-0: Called Strike
0-1: Called Strike
0-2: Ball
1-2: SINGLE (Groundball, 6MS) (infield hit)
António Martínez to third
Batting: LHB Tony Báez 0-0: Called Strike
0-1: Ball
1-1: Called Strike
1-2: Foul Ball, location: 2F
1-2: Foul Ball, location: 2F
1-2: Ball
2-2: Strikes out swinging
Top of the 8th over - 3 runs, 5 hits, 0 errors, 2 left on base; Mile High 9 - Redwood City 5
BOTTOM OF THE 8TH
Redwood City Redwoods batting - Pitching for Mile High Broncos : RHP Hokusai Nakashima
Batting: LHB Bob Campbell 0-0: Ball
1-0: Ball
2-0: Ball
3-0: Base on Balls
Batting: RHB Jacob Pope 0-0: Called Strike
0-1: Called Strike
0-2: Foul Ball, location: 2F
0-2: Strikes out swinging
Batting: RHB Luis Miguel Sánchez 0-0: Fly out, F9 (Flyball, 9)
Batting: LHB César Rodríguez 0-0: Called Strike
0-1: Ground out 6-3 (Groundball, 6M)
Bottom of the 8th over - 0 runs, 0 hits, 0 errors, 1 left on base; Mile High 9 - Redwood City 5
TOP OF THE 9TH
Mile High Broncos batting - Pitching for Redwood City Redwoods : RHP Juan Caballero
Batting: RHB Edward Williams 0-0: Foul Ball, location: 2F
0-1: Ball
1-1: Foul Ball, location: 2F
1-2: Ground out 5-3 (Groundball, 5)
Batting: SHB Ben Marks 0-0: Called Strike
0-1: Ball
1-1: Ground out 6-3 (Groundball, 6M)
Batting: SHB Paco Martínez 0-0: Ball
1-0: Ball
2-0: Called Strike
2-1: Swinging Strike
2-2: Ball
3-2: Base on Balls
Batting: LHB Don Hull 0-0: Called Strike
0-1: Foul Ball, location: 2F
0-2: Ball
1-2: Strikes out swinging
Top of the 9th over - 0 runs, 0 hits, 0 errors, 1 left on base; Mile High 9 - Redwood City 5
BOTTOM OF THE 9TH
Redwood City Redwoods batting - Pitching for Mile High Broncos : RHP Hokusai Nakashima
Batting: LHB Vicente Chávez 0-0: Ball
1-0: Ball
2-0: Called Strike
2-1: Ball
3-1: Fly out, F5 (Popup, 5SF)
Batting: RHB Francisco Rodríguez 0-0: Ball
1-0: Foul Ball, location: 2F
1-1: SINGLE (Line Drive, 56)
Pitching: LHP Jorge García
Batting: RHB Eugene Allen 0-0: Ball
1-0: Grounds into double play, 1-6-3 (Groundball, 13S)
Bottom of the 9th over - 0 runs, 1 hit, 0 errors, 0 left on base; Mile High 9 - Redwood City 5
Saturday, April 7th, 2018 - OOTP Baseball 18.8 Build 76